 Dungeon Crawl Stone Soup version 0.30-a0-920-g7493c07aab (webtiles) character file.

Game seed: 10290620447205052297

3786 Zenkrye the Spear-Bearer (level 10, -5/77 HPs)
             Began as a Human Cinder Acolyte on Mar 21, 2023.
             Was a High Priest of Ignis.
             Killed from afar by an orc wizard (7 damage)
             ... with a magic dart
             ... on level 8 of the Dungeon.
             The game lasted 00:26:40 (10282 turns).

Zenkrye the Spear-Bearer (Human Cinder Acolyte)    Turns: 10282, Time: 00:26:41

Health: -5/77      AC:  8    Str: 19    XL:     10   Next: 38%
Magic:  1/11       EV: 15    Int: 15    God:    Ignis [*****.]
Gold:   339        SH:  8    Dex:  8    Spells: 9/11 levels left

rFire   + . .      SeeInvis .    a - +0 spear (flame)
rCold   . . .      Faith    .    p - +0 buckler
rNeg    . . .      Spirit   .    d - +1 ring mail
rPois   .          Reflect  +    (no helmet)
rElec   .          Rampage  .    (no cloak)
rCorr   .                        (no gloves)
Will    .....                    e - +0 pair of boots Stlth
                                 h - amulet of reflection
HPRegen 0.32/turn                v - +5 ring of evasion
MPRegen 0.12/turn                (no ring)

@: weak-willed
A: no striking features
a: Renounce Religion, Fiery Armour, Foxfire Swarm, Rising Flame


You were on level 8 of the Dungeon.
You worshipped Ignis.
Ignis was extremely pleased with you.
You visited 1 branch of the dungeon, and saw 8 of its levels.

You collected 339 gold pieces.

Inventory:

Hand Weapons
 a - a +0 spear of flaming (weapon)
 l - a +0 spear
 y - a +2 spear of venom
Missiles
 o - a throwing net {!f}
 r - 7 boomerangs (quivered)
Armour
 b - a +0 robe
 d - a +1 ring mail (worn)
 e - a +0 pair of boots (worn)
 p - a +0 buckler (worn)
 s - a +0 scale mail
 t - a +0 chain mail
Magical Staves
 j - a staff of conjuration
Jewellery
 h - an amulet of reflection (around neck)
 v - a +5 ring of evasion (left hand)
 x - a ring of magical power
Scrolls
 i - a scroll of identify {@r1}
 k - a scroll of immolation
 w - a scroll of poison
 z - a scroll of enchant weapon
Potions
 c - a potion of flight
 f - a potion of lignification
 g - 2 potions of cancellation
 q - a potion of mutation
 u - 2 potions of brilliance


   Skills:
 + Level 6.7 Fighting
 - Level 12.0 Polearms
 - Level 5.0 Armour
 + Level 0.6 Shields
 - Level 1.0 Spellcasting
 - Level 3.0 Fire Magic
 + Level 2.1 Evocations


You had 9 spell levels left.
You knew the following spells:

 Your Spells              Type           Power      Damage    Failure   Level
a - Scorch                Fire           18%        2d5       24%         2

Your spell library contained the following spells:

 Spells                   Type           Power      Damage    Failure   Level
 Necrotise                Necr           0%         1d4       50%         1
 Shock                    Conj/Air       0%         1d3       50%         1
 Kindle Blastsparks       Fire/Tloc/Air  6%         2d10      73%         3
 Swiftness                Air            0%         N/A       86%         3
 Vampiric Draining        Necr           0%         2d6       86%         3
 Vhi's Electric Charge    Tloc/Air       0%         N/A       86%         3
 Airstrike                Air            0%         2d(0-16)  99%         4
 Agony                    Necr           0%         N/A       100%        5
 Arcjolt                  Conj/Air       0%         1d10      100%        5
 Iron Shot                Conj/Erth      0%         9d1       100%        6
 Storm Form               Tmut/Air       0%         N/A       100%        7
 Maxwell's Capacitive Co  Air            0%         ∞         100%        8


Dungeon Overview and Level Annotations

Branches:
Dungeon (8/15)             Temple (0/1) D:6
   Lair: D:8-11

Altars:
Dithmenos
Sif Muna

Shops:
D:2 =   D:5 ?

Annotations:
D:4 Ijyb
D:7 Dowan, Duvessa


Message History

Deactivating autopickup; reactivate with Ctrl-A.
You barely miss the orc. You hit the orc but do no damage.
The orc barely misses you.
You barely miss the orc. You hit something but do no damage.
You miss something. You hit something but do no damage.
You block something's attack.
Casting: Scorch (dangerous; 24% risk of failure)
Confirm with . or Enter, or press ? or * to list all spells.
Flames lash the orc.
The orc is heavily wounded.
The orc's fire resistance burns away.
You hear some strange, mumbled words.
A magic dart appears from out of thin air!
The magic dart hits you.
* * * LOW HITPOINT WARNING * * *
Casting: Scorch (dangerous; 24% risk of failure)
Confirm with . or Enter, or press ? or * to list all spells.
Flames lash the orc.
The orc is burned terribly!
You kill the orc!
You block something's attack.
Unknown command.
Casting: Scorch (dangerous; 24% risk of failure)
Confirm with . or Enter, or press ? or * to list all spells.
Flames lash something.
You hear some strange, mumbled words.
Something tries to affect you, but you resist.
You hit something. You burn something.
Found a stone staircase leading down.
Found 16 gold pieces.
Found a chain mail and a potion of haste.
Found a stone staircase leading down.
The orc priest calls down the wrath of Beogh upon you.
Pain shoots through your body!
* * * LOW HITPOINT WARNING * * *
The orc priest attacks as you move away!
The orc priest closely misses you.
Found a stone staircase leading up.
A magic dart appears from out of thin air!
The magic dart hits you!
You die...

............. !.
..>....[...<
#..#....$......
####..#...........
./................
#.................
#.#.......?.......
#.#..[....@.......
##.#...............
####......h.o{......>.
##.....................
....#.....####.....)....
..#........###o#.....#..
....#..#.#..##.####### #
#.....o#h##..#)########
........o###...........


You could see an orc warrior, a black bear and an orc priest.

Vanquished Creatures
  Sigmund (D:5)
  Eustachio (D:5)
  4 vampire mosquitoes (D:7)
  2 orc warriors
  2 sky beasts (D:6)
  2 black bears (D:7)
  An ice beast (D:4)
  2 ogres
  2 centaurs
  A phantom (D:5)
  3 bullfrogs
  4 scorpions
  A gnoll sergeant (D:8)
  4 wights
  5 hounds
  A jelly (D:7)
  A gnoll bouda (D:7)
  3 orc priests
  2 sleepcaps
  9 orc wizards
  9 iguanas
  18 gnolls
  10 adders
  2 shadow imps (D:5)
  2 ufetubi
  2 worms
  3 dart slugs
  18 orcs
  4 endoplasms
  A giant cockroach (D:3)
  4 goblins (D:1)
  6 hobgoblins
  3 jackals (D:4)
  5 kobolds
  A quokka (D:1)
  9 ball pythons
  3 bats
  14 frilled lizards
  8 rats
173 creatures vanquished.

Vanquished Creatures (others)
  An ice beast (D:7)
  9 plants (D:6)
10 creatures vanquished.

Grand Total: 183 creatures vanquished

Notes
Turn   | Place    | Note
-------+----------+-------------------------------------------
     0 | D:1      | Zenkrye the Human Cinder Acolyte began the quest for the
                  | Orb.
     0 | D:1      | Reached XP level 1. HP: 18/18 MP: 2/2
   223 | D:1      | Reached XP level 2. HP: 24/24 MP: 3/3
   235 | D:1      | Learned a level 2 spell: Scorch
   578 | D:1      | Reached skill level 4 in Polearms
   578 | D:1      | Reached XP level 3. HP: 26/29 MP: 4/4
  1168 | D:2      | Found Etuwaruf's Jewellery Boutique.
  1171 | D:2      | You fall into a shaft and drop 2 floors!
  1243 | D:4      | Reached XP level 4. HP: 35/35 MP: 0/5
  1364 | D:3      | Reached skill level 5 in Polearms
  1600 | D:2      | Reached XP level 5. HP: 41/41 MP: 6/6
  2481 | D:3      | Reached skill level 6 in Polearms
  2902 | D:4      | Reached XP level 6. HP: 47/47 MP: 2/7
  3258 | D:4      | Noticed Ijyb
  4056 | D:5      | Entered Level 5 of the Dungeon
  4118 | D:4      | Reached skill level 7 in Polearms
  4184 | D:5      | Noticed Eustachio
  4288 | D:4      | Reached XP level 7. HP: 39/52 MP: 2/8
  5216 | D:5      | Found a shimmering blue altar of Sif Muna.
  5216 | D:5      | Noticed Sigmund
  5292 | D:5      | Reached skill level 8 in Polearms
  5717 | D:5      | Reached XP level 8. HP: 58/58 MP: 1/9
  5823 | D:5      | Reached skill level 9 in Polearms
  6084 | D:5      | Found Wujo's Magic Scroll Emporium.
  6444 | D:5      | Killed Sigmund
  6445 | D:5      | Reached skill level 10 in Polearms
  6937 | D:5      | Killed Eustachio
  6938 | D:5      | Reached XP level 9. HP: 29/63 MP: 8/10
  7192 | D:5      | Reached skill level 11 in Polearms
  7328 | D:5      | Reached skill level 1 in Armour
  7638 | D:6      | Got the Quarto of the Feathery Barrage
  7704 | D:6      | Found a staircase to the Ecumenical Temple.
  8538 | D:7      | Found a shadowy altar of Dithmenos.
  8933 | D:7      | Reached skill level 5 in Fighting
  9251 | D:7      | Reached XP level 10. HP: 10/74 MP: 11/11
  9683 | D:7      | Reached skill level 12 in Polearms
  9701 | D:7      | Reached skill level 5 in Armour
  9956 | D:7      | Reached skill level 1 in Evocations
 10067 | D:7      | Noticed Duvessa
 10067 | D:7      | Noticed Dowan
 10208 | D:8      | Identified the +10 spear "Ovuo" {freeze, Dex+5}
 10281 | D:8      | HP: 1/77 [orc priest/nerve-wracking pain (14)]
 10282 | D:8      | Killed from afar by an orc wizard

Illustrated notes

Levels and vault maps discovered:
D:1:      dpeg_arrival_shelter, layout_loops_ring, minmay_crystal_room,
          st_stairs_4, serial_park_tiny_pond
D:2:      layout_loops_corners, serial_shops, nicolae_shop_advertising_works
          [nicolae_subvault_shop_adworks]
D:3:      layout_rooms, st_stairs_6
D:4:      layout_loops_corners, uniq_ijyb
D:5:      layout_loops_ring, nicolae_sif_muna_condensation, serial_shops,
          nicolae_shop_stone, kennysheep_opposing_triangles, uniq_sigmund,
          uniq_eustachio
D:6:      layout_cave_pools, temple_doors_e, minmay_misc_feat_cross,
          minmay_lizard_king
D:7:      layout_loops_ring, lemuel_tele_altar,
          mainiacjoe_overflow_tiny_flanked, nzn_wu_jian_council_hall,
          minivault_27, minmay_misc_feat_four_crosses, roderic_serpentine_path,
          uniq_duvessa
D:8:      layout_rooms, enter_bailey_3

Skill      XL: |  1  2  3  4  5  6  7  8  9 10 |
---------------+-------------------------------+-----
Polearms       | 4 5 6 7 8 10 11 12 | 12.0
Armour         | 4 5 |  5.0
Fighting       | 5 6 |  6.7
Evocations     | 2 |  2.1
Shields        | |  0.6
Spellcasting   | |  1.0
Fire Magic     | |  3.0

Action                     |  1- 3 |  4- 6 |  7- 9 | 10-12 || total
---------------------------+-------+-------+-------+-------++-------
  Melee: Spear             |   104 |   176 |   395 |   162 ||   837
         Punch             |     1 |       |     4 |     1 ||     6
         Unarmed           |       |    18 |       |       ||    18
  Throw: Boomerang         |       |     3 |    20 |     3 ||    26
   Cast: Scorch            |     3 |    22 |    63 |     9 ||    97
  Evoke: Wand              |       |       |       |     2 ||     2
    Use: Scroll            |     3 |    11 |     5 |     3 ||    22
         Potion            |       |       |     9 |     4 ||    13
   Stab: Sleeping          |     1 |       |       |       ||     1
 Armour: Robe              |     7 |       |       |       ||     7
         Ring mail         |     1 |    47 |    78 |    24 ||   150
         Skin              |       |       |       |    20 ||    20
  Dodge: Dodged            |    45 |    81 |   252 |    52 ||   430
  Block: Buckler           |       |       |       |    13 ||    13
         Other             |       |       |       |     1 ||     1

Table legend: (Time is in decaauts)
 A = Elapsed time spent in this place.
 B = Non-inter-level travel time spent in this place.
 C = Inter-level travel time spent in this place.
 D = Time resting spent in this place.
 E = Time spent auto-exploring this place.
 F = Levels seen in this place.
 G = Mean time per level.
                   A        B        C        D        E       F      G
               +--------+--------+--------+--------+--------+-----+--------+
         Total |   9982 |   9518 |    464 |   2833 |   4815 |   8 | 1247.8 |
       Dungeon |   9982 |   9518 |    464 |   2833 |   4815 |   8 | 1247.8 |
               +--------+--------+--------+--------+--------+-----+--------+

Top non-repeatable levels by time:
     D:4: 2479 daAuts
     D:5: 2316 daAuts
     D:6: 1339 daAuts
     D:7: 1094 daAuts
     D:2: 884 daAuts
     D:1: 882 daAuts
     D:3: 820 daAuts
     D:8: 165 daAuts
